 Dungeon Crawl Stone Soup version 0.25.0-9-g26727b6 (webtiles) character file.

Game seed: 6480111559250959787

476 oshikia the Insei (level 6, -7/47 HPs)
             Began as a Demonspawn Monk on June 17, 2020.
             Mangled by Menkaure (10 damage)
             ... on level 4 of the Dungeon.
             The game lasted 00:07:41 (5720 turns).

oshikia the Insei (Demonspawn Monk)                 Turns: 5720, Time: 00:07:42

Health: -7/47      AC:  6    Str: 11    XL:     6   Next: 84%
Magic:  4/4        EV: 13    Int: 11    God:
Gold:   177        SH:  0    Dex: 18    Spells: 5/5 levels left

rFire    + . .     SeeInvis +     - Unarmed
rCold    . . .     Gourm    .   (no shield)
rNeg     . . .     Faith    .   a - +0 robe
rPois    .         Spirit   .   s - +0 hat
rElec    .         Reflect  .   c - +1 cloak {MR+}
rCorr    .         Harm     .   (no gloves)
MR       +....     Clarity  +   (no boots)
Stlth    +++.......             k - amulet of the acrobat
HPRegen  0.15/turn              p - ring of stealth
MPRegen  0.09/turn              r - ring of see invisible

@: lethally poisoned (-7 -> -13), berserk cooldown, slowed, very slow
A: yellow scales 1, clarity, fire resistance 1, low mp 2
a: no special abilities


You were on level 4 of the Dungeon.
You were hungry.

You visited 1 branch of the dungeon, and saw 4 of its levels.

You collected 177 gold pieces.

Inventory:

Armour
 a - a +0 robe (worn)
 c - a +1 cloak of magic resistance (worn)
 s - a +0 hat (worn)
Jewellery
 k - an amulet of the acrobat (around neck)
 p - a ring of stealth (left hand)
 r - a ring of see invisible (right hand)
Scrolls
 d - a scroll of amnesia {unknown}
 e - a scroll of enchant weapon {unknown}
 l - 2 scrolls of identify
 m - 2 scrolls of enchant armour
 u - 2 scrolls of remove curse
 w - a scroll of fog {unknown}
Potions
 g - a potion of berserk rage
 i - a potion of stabbing {unknown}
 n - a potion of might {unknown}
Comestibles
 b - 7 rations


   Skills:
 - Level 3.0 Fighting
 - Level 2.6 Dodging
 - Level 1.7 Stealth
 + Level 7.1 Unarmed Combat


You had 5 spell levels left.
You didn't know any spells.
Your spell library was empty.

Dungeon Overview and Level Annotations

Branches:
Dungeon (4/15)
 Temple: D:4-7

Altars:
Dithmenos
Fedhas
Gozag
Uskayaw

Annotations:
D:4 Menkaure


Innate Abilities, Weirdness & Mutations

You are partially covered in yellow scales. (AC +2)
Your flesh is heat resistant. (rF+)
You possess an exceptional clarity of mind.
Your magical capacity is very low. (-20% MP)


Message History

* * * LOW HITPOINT WARNING * * *
The worker ant closely misses you.
You feel better. Menkaure hits you but does no damage.
The worker ant closely misses you.
Menkaure gestures at you while chanting.
You resist with some effort.
Okay, then.
You are feeling hungry.
The worker ant barely misses you. The worker ant bites you.
* * * LOW HITPOINT WARNING * * *
You are lethally poisoned!
The worker ant poisons you!
Okay, then.
Really quaff the potion of mutation?
You feel extremely strange.
You no longer feel cold resistant.
You feel less energetic. x2
Your thoughts seem clearer.
* * * LOW HITPOINT WARNING * * *
You feel sick. Menkaure hits you!
You die...

#... #. #. #.## ###.# #.#
#. ..... #.# # ##...# #.#
##.....## #####.#
#.......###.....#
.........#......#########
.......a@'...............
.......M.#......#.#######
#.......###....##.#
##.....## #######.#
##...# #.# ##+# #.# #.#
#.# #.#


You could see Menkaure (fast) and a worker ant.

Vanquished Creatures
  A black bear (D:4)
  A hound (D:4)
  Crazy Yiuf (D:3)
  2 orc wizards (D:4)
  Jessica (D:3)
  3 worker ants (D:4)
  Robin (D:3)
  3 gnolls (D:4)
  4 adders (D:2)
  An ooze (D:2)
  An adder skeleton (D:4)
  2 worms
  A dart slug (D:1)
  6 orcs
  4 giant cockroaches
  15 goblins
  9 hobgoblins
  4 jackals (D:1)
  10 kobolds
  A quokka (D:3)
  7 bats
  2 frilled lizards
  A jackal skeleton (D:4)
  2 rats (D:1)
83 creatures vanquished.

Notes
Turn   | Place    | Note
-------+----------+-------------------------------------------
     0 | D:1      | oshikia the Demonspawn Monk began the quest for the Orb.
     0 | D:1      | Reached XP level 1. HP: 18/18 MP: 1/1
    32 | D:1      | Reached skill level 3 in Unarmed Combat
    58 | D:1      | Gained mutation: You are partially covered in yellow
                  | scales. (AC +2) [demonic ancestry]
    58 | D:1      | Reached XP level 2. HP: 5/24 MP: 2/2
   948 | D:2      | Reached XP level 3. HP: 29/29 MP: 3/3
  1026 | D:2      | Found a faded altar of an unknown god.
  1266 | D:2      | Reached skill level 4 in Unarmed Combat
  2063 | D:2      | Gained mutation: Your flesh is heat resistant. (rF+)
                  | [demonic ancestry]
  2063 | D:2      | Reached XP level 4. HP: 32/35 MP: 4/4
  2511 | D:3      | Noticed Jessica
  2531 | D:3      | Killed Jessica
  2547 | D:3      | Reached skill level 5 in Unarmed Combat
  2996 | D:3      | Noticed Robin
  3013 | D:3      | Reached XP level 5. HP: 40/41 MP: 5/5
  3080 | D:3      | Killed Robin
  3380 | D:3      | Found a hide-covered altar of Uskayaw.
  3380 | D:3      | Found a blossoming altar of Fedhas.
  3528 | D:3      | Found a runed translucent door.
  3529 | D:3      | Noticed Crazy Yiuf
  3713 | D:3      | Killed Crazy Yiuf
  4148 | D:4      | Reached skill level 6 in Unarmed Combat
  4376 | D:4      | Reached XP level 6. HP: 47/47 MP: 6/6
  4395 | D:4      | Found a shadowy altar of Dithmenos.
  5032 | D:4      | Found an opulent altar of Gozag.
  5052 | D:4      | Reached skill level 7 in Unarmed Combat
  5698 | D:4      | Noticed Menkaure
  5714 | D:4      | Gained mutation: You are clumsy. (Dex -2) [potion of
                  | mutation]
  5714 | D:4      | Gained mutation: Your flesh is cold resistant. (rC+)
                  | [potion of mutation]
  5714 | D:4      | Lost mutation: You are clumsy. (Dex -2) [potion of
                  | mutation]
  5717 | D:4      | HP: 1/47 [Menkaure (23)]
  5720 | D:4      | Lost mutation: Your flesh is cold resistant. (rC+) [potion
                  | of mutation]
  5720 | D:4      | Gained mutation: Your magical capacity is low. (-10% MP)
                  | [potion of mutation]
  5720 | D:4      | Gained mutation: Your magical capacity is very low. (-20%
                  | MP) [potion of mutation]
  5720 | D:4      | Gained mutation: You possess an exceptional clarity of
                  | mind. [potion of mutation]
  5720 | D:4      | Mangled by Menkaure

Illustrated notes

Levels and vault maps discovered:
D:1:      wander_arrival_abandoned_jail, layout_loops_ring,
          minmay_split_cup_small
D:2:      layout_loops_corners, chequers_ecumenical_altar_island,
          chequers_serial_rivers_micro_d
D:3:      layout_basic, gammafunk_temple_overflow_wave, uniq_robin,
          uniq_jessica, uniq_crazy_yiuf_cottage
D:4:      layout_loops_corners, nicolae_overflow_crystal_walls,
          minmay_temple_entry_statues_pillars, minivault_4,
          nicolae_gozag_cash_rules_everything_around_me, uniq_menkaure

Skill      XL: |  1  2  3  4  5  6 |
---------------+-------------------+-----
Unarmed Combat | 3 4 5 6 7 |  7.1
Fighting       | |  3.0
Dodging        | |  2.6
Stealth        | |  1.7

Action                   |  1- 3 |  4- 6 || total
-------------------------+-------+-------++-------
Melee: Unarmed           |   147 |   241 ||   388
       Punch             |     2 |     6 ||     8
  Use: Scroll            |       |     5 ||     5
       Potion            |       |     9 ||     9
 Stab: Sleeping          |     2 |     1 ||     3
  Eat: Chunk             |     4 |     4 ||     8
       Ration            |       |     2 ||     2
Armor: Robe              |    38 |    38 ||    76
Dodge: Dodged            |   115 |   149 ||   264
